 Dungeon Crawl Stone Soup version 0.18.1-48-g4cf74bf (webtiles) character file.

11057 attackplan the Cleaver (level 11, -10/99 HPs)
             Began as a Hill Orc Fighter on Aug 25, 2016.
             Was an Elder of Beogh (penitent).
             Mangled by Jorge the orc warlord
             ... wielding a +0 great sword
             ... created by the wrath of Beogh
              (15 damage)
             ... on level 10 of the Dungeon.
             The game lasted 00:35:34 (9964 turns).

attackplan the Cleaver (Hill Orc Fighter)           Turns: 9964, Time: 00:35:35

Health: -10/99     AC: 12    Str: 25 (27) XL:     11   Next: 71%
Magic:  11/11      EV: 11    Int:  5 (6)  God:    Beogh [*]
Gold:   647        SH: 12    Dex:  8      Spells: 0 memorised, 10 levels left

rFire  . . .     SeeInvis .     a - +0 war axe
rCold  . . .     Gourm    .     M - +1 scale mail {rPois}
rNeg   + . .     Faith    .     c - +0 shield
rPois  +         Spirit   .     o - +0 helmet
rElec  .         Dismiss  .     (no cloak)
rCorr  .         Reflect  .     (no gloves)
SustAt .         Harm     .     O - +0 pair of boots
MR     .....     Rnd*Rage +     C - amulet of regeneration
Stlth  ..........               (no ring)
                                n - ring of positive energy

@: not resistant to hostile enchantments, extremely unstealthy
A: hooves 1, berserk 1, clumsy 1, deterioration 1, dopey 1, strong 2
a: Renounce Religion


You were on level 10 of the Dungeon.
You worshipped Beogh.
Beogh was demanding penance.
You were very hungry.

You visited 2 branches of the dungeon, and saw 11 of its levels.

You collected 647 gold pieces.

Inventory:

Hand Weapons
 a - a +0 war axe (weapon)
Armour
 b - a +0 scale mail
 c - a +0 shield (worn)
 g - a +0 pair of boots
 o - a +0 helmet (worn)
 M - a +1 scale mail of poison resistance (worn)
 O - a +0 pair of boots (worn)
Jewellery
 d - a cursed ring of loudness {unknown}
 n - a ring of positive energy (left hand)
 p - an uncursed ring of poison resistance {unknown}
 C - an amulet of regeneration (around neck)
 G - an uncursed ring of magical power {unknown}
Wands
 l - a wand of random effects (27/48)
 r - a wand of random effects (19/48)
 y - a wand of confusion (4/48)
 D - a wand of lightning (0/15)
 F - a wand of paralysis (12/24)
Scrolls
 h - 6 scrolls of teleportation
 i - 2 scrolls of amnesia
 j - a scroll of noise
 k - 4 scrolls of enchant weapon {unknown}
 m - 5 scrolls of remove curse
 q - a scroll of silence {unknown}
 s - a scroll of summoning {unknown}
 t - 2 scrolls of random uselessness
 u - a scroll of enchant armour {unknown}
 x - a scroll of fear
 z - 2 scrolls of fog {unknown}
 J - a scroll of magic mapping
 L - a scroll of identify
Potions
 e - a potion of lignification
 v - a potion of agility
 A - 3 potions of degeneration
 E - 2 potions of heal wounds
 H - a potion of flight
 I - a potion of magic {unknown}
 K - a potion of berserk rage {unknown}
 P - 3 potions of haste
Books
 w - a book of Changes

   Spells                             Type                      Level
   a - Beastly Appendage              Transmutation                1
   b - Sticks to Snakes               Transmutation                2
   c - Spider Form                    Transmutation/Poison         3
   d - Ice Form                       Ice/Transmutation            4
   e - Blade Hands                    Transmutation                5
Comestibles
 B - 3 meat rations
 N - 2 bread rations


   Skills:
 + Level 9.6 Fighting
 + Level 11.1 Axes
 + Level 8.6 Armour
 + Level 6.8 Dodging
 + Level 2.7 Stealth
 + Level 10.1 Shields
 + Level 0.4 Unarmed Combat
 + Level 0.6 Invocations
 + Level 0.2 Evocations


You had 10 spell levels left.
You didn't know any spells.

Dungeon Overview and Level Annotations

Branches:
Dungeon (10/15)            Temple (0/1) D:4            Lair (1/8) D:8
    Orc (0/2) D:9

Altars:
Cheibriados
Dithmenos
Elyvilon
Gozag
Kikubaaqudgha
Makhleb
Nemelex Xobeh
Qazlal
Ru
Sif Muna
Trog
Xom
Zin

Shops:
D:4 *


Innate Abilities, Weirdness & Mutations

You have large cloven feet.
You tend to lose your temper in combat.
You are clumsy. (Dex -2)
Your body sometimes deteriorates upon taking damage.
You are dopey. (Int -2)
Your muscles are very strong. (Str +4)


Message History

The orc warrior is severely wounded.
Jorge completely misses you. You block the orc warrior's attack. x2
Your shield prevents you from hitting Jorge.
Jorge is moderately wounded.
Your shield and scale mail prevent you from hitting the orc warrior.
The orc warrior is moderately wounded.
You slash the orc warrior!
You kill the orc warrior!
That felt strangely unrewarding.
You block the orc warrior's attack. Jorge hits you with a great sword.
* * * LOW HITPOINT WARNING * * *
You slash Jorge!
Jorge is moderately wounded.
You closely miss the orc warrior.
The orc warrior is moderately wounded.
The orc warrior hits you with a hand axe!
* * * LOW HITPOINT WARNING * * *
Jorge hits you with a great sword!
You die...
Beogh appreciates Jorge's killing of a heretic priest.

#.####.#.#.# #... #.#
#.....# #... #.# ###.###
#... #.# #.###### ##.#
#)# #....>.# #.# #.#
#######.# #.# #.##
#.....#.########.# #..#
#.# #.........##^#
##.####@#####..).##.##.#
#.....oooooo.....##....#
#.<###.######....#######
#..# #.# #.......>.#
#.)# #.# #.........#
#..# #.####.........###
# #..#
#.##.............#
#.##..#
#.##.####...####.#
#.....# #.##. #...# #.#


You could see Jorge the orc warlord, 3 orc warriors and 2 orcs.

Vanquished Creatures
  Erolcha (D:10)
  Nergalle (D:10)
  A hill giant (D:10)
  A manticore (D:9)
  Maurice (D:9)
  2 gargoyles (D:10)
  14 yaks
  A hippogriff (D:7)
  A hungry ghost (D:10)
  Edmund (D:5)
  2 sky beasts
  4 ice beasts
  4 orc warriors
  2 black bears
  The ghost of ThereIsNoGod the Chopper, an amateur MiGl (D:3)
  5 ogres
  2 phantoms
  2 centaurs
  A wyvern zombie (D:9)
  6 giant frogs
  A scorpion (D:4)
  A water moccasin skeleton (D:4)
  5 killer bees (D:7)
  8 howler monkeys
  3 jellies
  4 crimson imps
  3 giant frog zombies
  4 hounds
  3 orc priests
  2 centaur skeletons
  2 quasits
  9 orc wizards
  A gnoll shaman (D:7)
  Jessica (D:2)
  4 iguanas
  2 worker ants
  A killer bee zombie (D:10)
  Robin (D:3)
  A worker ant zombie (D:10)
  22 gnolls
  9 river rats
  5 adders
  2 shadow imps
  6 oozes
  An adder skeleton (D:7)
  3 worms
  6 giant geckos
  40 orcs
  9 bats
  4 giant cockroaches
  18 goblins
  6 hobgoblins
  8 jackals
  11 kobolds
  3 quokkas
  3 giant newts
  A quokka zombie (D:6)
  10 rats
  A fungus (D:8)
277 creatures vanquished.

Vanquished Creatures (collateral kills)
  Erica (D:9)
  A yak (Lair:1)
  A basilisk (D:8)
  A hungry ghost (D:8)
  2 centaurs
  A giant frog (D:9)
  A water moccasin skeleton (D:8)
  2 jellies (D:9)
  An orc priest (D:8)
  An orc wizard (D:9)
  4 river rats
  A jackal (D:8)
  A quokka (D:9)
  3 bats (D:8)
  6 rats (D:8)
  4 fungi (D:8)
  2 plants (D:8)
33 creatures vanquished.

Vanquished Creatures (others)
  An orc priest (Lair:1)
  3 orc warriors
  2 orc wizards
  An adder (D:3)
  A shadow imp (D:9)
  8 orcs
  2 bats (D:3)
  A rat (D:3)
  A fungus (D:8)
  A plant (Lair:1)
21 creatures vanquished.

Grand Total: 331 creatures vanquished

Notes
Turn   | Place    | Note
--------------------------------------------------------------
     0 | D:1      | attackplan the Hill Orc Fighter began the quest for the Orb.
     0 | D:1      | Reached XP level 1. HP: 19/19 MP: 1/1
   238 | D:1      | Reached XP level 2. HP: 24/27 MP: 2/2
   536 | D:2      | Reached XP level 3. HP: 27/33 MP: 3/3
   665 | D:2      | Reached skill level 3 in Axes
   957 | D:2      | Noticed Jessica
   961 | D:2      | Killed Jessica
   961 | D:2      | Reached XP level 4. HP: 40/40 MP: 4/4
  1095 | D:2      | Reached skill level 1 in Dodging
  1402 | D:3      | Became a worshipper of Beogh the Brigand
  1429 | D:3      | Noticed ThereIsNoGod's ghost (amateur MiGl)
  1492 | D:3      | Killed ThereIsNoGod's ghost
  1492 | D:3      | Reached skill level 4 in Axes
  1492 | D:3      | Reached XP level 5. HP: 5/47 MP: 5/5
  1995 | D:3      | Reached XP level 6. HP: 44/53 MP: 6/6
  2327 | D:3      | Noticed Robin
  2336 | D:3      | Reached * piety under Beogh
  2360 | D:3      | Killed Robin
  2490 | D:3      | Found an ancient bone altar of Kikubaaqudgha.
  2501 | D:3      | Found a bloodstained altar of Trog.
  2502 | D:3      | Found a sparkling altar of Nemelex Xobeh.
  2503 | D:3      | Found a shimmering altar of Xom.
  2504 | D:3      | Found a shadowy altar of Dithmenos.
  2505 | D:3      | Found a snail-covered altar of Cheibriados.
  2507 | D:3      | Found a sacrificial altar of Ru.
  2592 | D:3      | Reached skill level 5 in Shields
  2841 | D:4      | Reached XP level 7. HP: 58/60 MP: 7/7
  2938 | D:4      | Found Lyna's Assorted Antiques.
  2990 | D:4      | Reached skill level 5 in Fighting
  2990 | D:4      | Reached skill level 5 in Axes
  3398 | D:4      | Found a staircase to the Ecumenical Temple.
  3845 | D:5      | Entered Level 5 of the Dungeon
  3869 | D:5      | Reached ** piety under Beogh
  3876 | D:5      | Reached skill level 5 in Armour
  3876 | D:5      | Reached skill level 1 in Stealth
  4023 | D:5      | Reached XP level 8. HP: 59/68 MP: 8/8
  4052 | D:5      | Reached skill level 6 in Axes
  4164 | D:5      | Found a deep blue altar of Sif Muna.
  4237 | D:5      | Noticed Edmund
  4265 | D:5      | Killed Edmund
  4903 | D:6      | Found a white marble altar of Elyvilon.
  5245 | D:6      | Reached skill level 7 in Axes
  5381 | D:5      | Reached XP level 9. HP: 44/78 MP: 9/9
  5655 | D:6      | Gained mutation: You tend to lose your temper in combat. [mutagenic meat]
  5656 | D:6      | Gained mutation: You are clumsy. (Dex -2) [mutagenic meat]
  5657 | D:6      | Gained mutation: Your muscles are strong. (Str +2) [mutagenic meat]
  5658 | D:6      | Gained mutation: Your body sometimes deteriorates upon taking damage. [mutagenic meat]
  5824 | D:6      | Gained mutation: You passively map a small area around you. [potion of mutation]
  5824 | D:6      | Gained mutation: You have large cloven feet. [potion of mutation]
  5843 | D:7      | Reached *** piety under Beogh
  6160 | D:7      | Found an opulent altar of Gozag.
  6446 | D:7      | Reached skill level 8 in Axes
  6590 | D:7      | Noticed an Executioner
  6591 | D:7      | Found a burning altar of Makhleb.
  6593 | D:7      | Found a glowing silver altar of Zin.
  6594 | D:7      | Noticed an angel
  6650 | D:7      | Gained Orik as an ally
  6653 | D:7      | Reached skill level 5 in Dodging
  7182 | D:8      | Reached XP level 10. HP: 86/86 MP: 10/10
  7284 | D:8      | Gained Boldo as an ally
  7403 | D:8      | Gained Horkud as an ally
  7422 | D:8      | Reached **** piety under Beogh
  7761 | D:8      | Found a staircase to the Lair.
  7848 | Lair:1   | Entered Level 1 of the Lair of Beasts
  7854 | Lair:1   | Your ally Horkud died
  7863 | Lair:1   | Reached skill level 9 in Axes
  8016 | Lair:1   | Noticed a seven-headed hydra
  8021 | Lair:1   | Your ally Boldo died
  8078 | D:8      | Lost mutation: You passively map a small area around you. [potion of mutation]
  8078 | D:8      | Gained mutation: You are dopey. (Int -2) [potion of mutation]
  8078 | D:8      | Gained mutation: Your muscles are very strong. (Str +4) [potion of mutation]
  8172 | D:9      | Noticed Erica
  8218 | D:9      | Noticed a manticore
  8393 | D:9      | Killed a manticore
  8543 | D:9      | Noticed Maurice
  8549 | D:9      | Killed Maurice
  8565 | D:9      | Your ally Orik died
  8655 | D:9      | Reached XP level 11. HP: 83/95 MP: 11/11
  8660 | D:9      | Found a stormy altar of Qazlal.
  8808 | D:10     | Entered Level 10 of the Dungeon
  8808 | D:10     | Noticed Nergalle
  8815 | D:10     | Killed Nergalle
  8815 | D:10     | Reached skill level 10 in Axes
  8831 | D:9      | Was placed under penance by Beogh
  8840 | D:9      | Killed Erica
  9093 | D:9      | Found a staircase to the Orcish Mines.
  9260 | D:10     | Noticed a hill giant
  9268 | D:10     | Killed a hill giant
  9388 | D:10     | Noticed Erolcha
  9403 | D:10     | Killed Erolcha
  9576 | D:10     | Reached skill level 11 in Axes
  9576 | D:10     | Reached skill level 10 in Shields
  9955 | D:10     | Noticed Jorge
  9964 | D:10     | Mangled by Jorge the orc warlord

Skill      XL: |  1  2  3  4  5  6  7  8  9 10 11 |
---------------+----------------------------------+-----
Fighting       | 4 5 6 7 8 9 |  9.6
Axes           | 3 4 5 7 8 9 11 | 11.1
Shields        | 4 5 6 8 9 10 | 10.1
Dodging        | 1 2 3 5 6 |  6.8
Armour         | 4 5 6 8 |  8.6
Stealth        | 1 2 |  2.7
Unarmed Combat | |  0.4
Invocations    | |  0.6
Evocations     | |  0.2

Action                   |  1- 3 |  4- 6 |  7- 9 | 10-12 || total
-------------------------+-------+-------+-------+-------++-------
Melee: War axe           |    86 |   197 |   489 |   388 ||  1160
       Unarmed           |       |       |    16 |       ||    16
Invok: Recall Orcish Fol |       |       |       |     2 ||     2
Evoke: Wand              |       |       |       |     4 ||     4
  Use: Potion            |       |     1 |     7 |     5 ||    13
       Scroll            |       |       |    13 |     2 ||    15
 Stab: Confused          |       |       |     2 |     1 ||     3
       Distracted        |       |       |     1 |     1 ||     2
       Paralysed         |       |       |       |     3 ||     3
  Eat: Chunk             |       |     1 |    12 |     6 ||    19
       Bread ration      |       |     1 |     2 |     1 ||     4
       Meat ration       |       |       |       |     1 ||     1
Armor: Scale mail        |    38 |   117 |   204 |   132 ||   491
       Skin              |       |       |     5 |    30 ||    35
Dodge: Dodged            |    25 |    56 |   199 |   134 ||   414
Block: Shield            |    35 |   119 |   298 |   224 ||   676
